cohdb
Replays
Latest Replays
All Replays
Popular Replays
Top Player Replays
Match Explorer
How It Works
Community
CoH3 Stats
Reddit
Sign in to upload your games and track your stats! →
Sign in with Steam
Match 31284006
Unlisted
Match 31284006
Overview
Messages
Build Orders
End
Construct Barracks
Selects Advanced Infantry Battlegroup
Riflemen Squad
1⁄4-ton 4x4 Truck
Riflemen Squad
Infantry Support Center
Riflemen Squad
Selects Convert to Ranger Squad
Convert to Ranger Squad
Selects Frontline Medical Station
Frontline Medical Station
M1918 Browning Automatic Rifles
Survival Training
Convert to Ranger Squad
Advanced Logistics
Convert to Ranger Squad
Engineer Squad
Selects Ranger Weapon Training
Selects Ammunition Storage
Selects Ammunition Storage
Selects M2A1 105mm Howitzer Emplacement
Ranger Squad
神圣十字军
zvaykt
gUi
Thaikai95
josch472
MisterFister420
PerchickKH
oykbfilin
0
0
Comments
sign in to comment!
No comments posted yet!